Map: Abyssal Reef LE

Players

Nerdee

  • Race: Terran Terran
  • League: Gold
  • Spawn Location: 5:00

Yata - Winner!

  • Race: Zerg Zerg
  • League: Gold
  • Spawn Location: 11:00

VOD

Have the link to the VOD?

Description

Time

  • Played on: Sept. 9, 2017, 7:10 p.m.
  • Length: 7:19
Show
View Real Time Build Order
Export as new Build Order

Nerdee Terran 

Build Orders:  

Get SALT Encoding   

  12  0:01  SCV  
  13  0:13  SCV  
  14  0:20  Supply Depot  
  14  0:26  SCV  
  15  0:31  Refinery  
  15  0:45  Barracks  
  15  0:47  SCV  
  16  1:01  Barracks  
  16  1:06  SCV  
  17  1:32  Barracks Reactor  
  17  1:37  Supply Depot  
  17  1:48  Orbital Command  
  17  1:51  Barracks Reactor  
  17  2:07  Supply Depot  
  17  2:09  Marine x2  
  17  2:13  SCV  
  20  2:26  Marine  
  20  2:27  Marine x3  
  24  2:36  Supply Depot  
  24  2:44  Marine x2  
  24  2:45  Marine x2  
  28  3:02  Supply Depot, Marine x2  
  28  3:03  Marine x2  
  28  3:05  SCV  
  33  3:17  SCV  
  34  3:26  Marine x3  
  34  3:27  Marine  
  38  3:39  Supply Depot  
  38  3:42  Engineering Bay  
  38  3:44  Marine x4  
  42  4:02  Marine x4  
  46  4:07  Supply Depot  
  46  4:10  Terran Infantry Weapons Level 1  
  46  4:19  Marine  
  46  4:20  Marine x3  
  50  4:30  Supply Depot  
  50  4:43  Marine x4  
  54  5:01  Marine x4  
  54  5:03  Supply Depot  
  58  5:18  Marine  
  58  5:19  Marine x3  
  62  5:43  Marine x2  
  62  5:44  Marine x2  
  55  5:51  Supply Depot  
  55  6:01  Marine x3  
  55  6:02  Marine  
  17  6:27  Marine x3  
  17  6:28  Marine  
Show
View Real Time Build Order
Export as new Build Order

Yata Zerg - Winner!

Build Orders: Hatch First 

Get SALT Encoding   

  12  0:01  Drone  
  13  0:12  Overlord  
  13  0:19  Drone  
  14  0:31  Drone x2  
  14  0:34  Drone  
  17  0:55  Hatchery  
  16  0:58  Drone  
  16  1:00  Drone  
  18  1:12  Extractor  
  18  1:16  Spawning Pool  
  16  1:19  Drone  
  16  1:22  Drone  
  18  1:28  Drone  
  19  1:39  Overlord  
  19  1:51  Drone  
  20  2:02  Drone  
  20  2:04  Queen  
  20  2:07  Queen  
  25  2:12  Zergling x4  
  25  2:14  Metabolic Boost  
  27  2:20  Drone  
  28  2:25  Drone  
  28  2:29  Overlord  
  29  2:34  Drone  
  30  2:38  Baneling Nest  
  30  2:39  Drone  
  30  2:57  Overlord  
  30  3:07  Drone x4  
  34  3:17  Drone x7  
  41  3:23  Zergling x2  
  42  3:41  Pneumatized Carapace  
  42  3:42  Evolution Chamber  
  42  3:44  Hatchery  
  42  3:46  Drone x3  
  42  3:47  Drone  
  44  3:51  Extractor  
  44  3:52  Drone x2  
  44  3:53  Extractor  
  44  3:59  Zergling x2  
  44  4:00  Zergling x6  
  48  4:04  Overlord  
  48  4:06  Baneling  
  48  4:07  Baneling  
  48  4:10  Zerg Melee Weapons Level 1  
  48  4:49  Queen  
  55  5:00  Drone x12  
  55  5:04  Baneling x4  
  64  5:11  Queen  
  66  5:18  Lair  
  64  5:22  Zergling x2  
  64  5:23  Zergling x2  
  64  5:25  Overlord x3  
  66  5:33  Spore Crawler  
  66  5:34  Spore Crawler  
  62  5:52  Zergling x22  
  62  5:53  Zergling x8  
  62  5:55  Baneling x2  
  62  5:56  Baneling x3  
  77  6:07  Zergling x6  
  69  6:26  Zergling x2  
  69  6:27  Zergling x18  
  79  6:39  Evolution Chamber  
  78  6:44  Zergling x2, Spire  
  78  6:45  Zergling x6  
  80  7:03  Baneling  
  80  7:04  Baneling x5  
Tags
 
League
GoldGold
Matchup
TvZ
Replay Pack
Pack 1
Spawn Locations
Cross Positions
Add a new tag
Caveats
  • Supply blocks, unpowered buildings, or Contaminate may cause inaccurate times.
  • Supply counts are checked every 10 seconds.